[Event "GER-ch Youth U12 2019"]
[Site "Willingen"]
[Date "2019.06.11"]
[Round "4.7"]
[White "Woltmann, Peter"]
[Black "Breitkopf-Lazar, Patrick-Robert"]
[Result "1-0"]
[ECO "C55"]
[WhiteElo "1471"]
[BlackElo "1659"]
[Annotator "NA"]
[PlyCount "61"]
[EventDate "2019.06.07"]
[EventType "swiss"]
[EventRounds "9"]
[EventCountry "GER"]
[SourceTitle "playchess.com"]
[Source "ChessBase"]
[SourceQuality "1"]
[TimeControl "40/4500+30:900+30"]

1. e4 e5 2. Nf3 Nc6 3. d4 exd4 4. Bc4 Bc5 5. O-O Nf6 6. e5 d5 7. exf6 dxc4 8. fxg7 Rg8 9. Re1+ Be6 10. Bg5 Be7 11. Bxe7 Kxe7 12. Nbd2 Qd5 13. Nh4 Kd7 14. Ne4 Qe5 15. Qf3 Qxg7 16. Nf6+ Kd6 17. Nxg8 Rxg8 18. g3 Qg5 19. Ng2 Ne5 20. Qa3+ c5 21. f4 Qg4 22. fxe5+ Kc6 23. Rf1 Bd5 24. Rf6+ Kc7 25. Qxc5+ Bc6 26. Nf4 Qh4 27. Nd5+ Kb8 28. Qd6+ Ka8 29. Nc7+ Kb8 30. Na6+ Ka8 31. Qb8+ {[%emt 0:00:02] normal} 1-0

[Event "GER-ch Youth U12 2019"]
[Site "Willingen"]
[Date "2019.06.11"]
[Round "4.9"]
[White "Guo, Philipp Ziming"]
[Black "Tomasjan, Samuel"]
[Result "0-1"]
[ECO "C01"]
[WhiteElo "1674"]
[BlackElo "1476"]
[Annotator "NA"]
[PlyCount "41"]
[EventDate "2019.06.07"]
[EventType "swiss"]
[EventRounds "9"]
[EventCountry "GER"]
[SourceTitle "playchess.com"]
[Source "ChessBase"]
[SourceQuality "1"]
[TimeControl "40/4500+30:900+30"]

1. e4 e6 2. d4 d5 3. exd5 exd5 4. Bd3 Bd6 5. Ne2 Nf6 6. O-O c6 7. c3 Qc7 8. h3 Be6 9. Be3 Nbd7 10. Qd2 Rg8 11. Bf4 g5 12. Bxd6 Qxd6 13. Ng3 h5 14. Nf5 Bxf5 15. Bxf5 O-O-O 16. Na3 h4 17. f3 Nh5 18. Rfe1 Ng3 19. Qd3 Kb8 20. Nc2 Nf6 21. Re5 {[%emt 0:03:05] normal} 0-1

[Event "GER-ch Youth U12 2019"]
[Site "Willingen"]
[Date "2019.06.11"]
[Round "4.10"]
[White "von Mettenheim, Johannes"]
[Black "Schreidl, Michael"]
[Result "1-0"]
[ECO "D56"]
[WhiteElo "1757"]
[BlackElo "1586"]
[Annotator "NA"]
[PlyCount "77"]
[EventDate "2019.06.07"]
[EventType "swiss"]
[EventRounds "9"]
[EventCountry "GER"]
[SourceTitle "playchess.com"]
[Source "ChessBase"]
[SourceQuality "1"]
[TimeControl "40/4500+30:900+30"]

1. d4 d5 2. c4 e6 3. Nc3 Nf6 4. Bg5 Be7 5. e3 h6 6. Bh4 O-O 7. Nf3 Ne4 8. Bxe7 Qxe7 9. Qc2 Nxc3 10. Qxc3 c6 11. Bd3 Nd7 12. O-O dxc4 13. Bxc4 b6 14. b4 Bb7 15. Be2 c5 16. dxc5 bxc5 17. b5 Rac8 18. Qa3 Rc7 19. Rfd1 Bd5 20. Nd2 Qg5 21. e4 Ba8 22. Qg3 Qxg3 23. hxg3 Nf6 24. f3 Rfc8 25. Nc4 Nd7 26. Rd6 Nf6 27. Rad1 Ne8 28. Rd7 Kf8 29. Ne5 Rxd7 30. Rxd7 Rc7 31. a4 f6 32. Ng6+ Kg8 33. Rd8 Kf7 34. Rxa8 c4 35. Nf4 c3 36. Nd3 c2 37. Kf2 Rd7 {[%emt 0:00:10] normal} 38. Rc8 Nc7 39. Nc1 {[%emt 0:00:14] normal} 1-0

[Event "GER-ch Youth U12 2019"]
[Site "Willingen"]
[Date "2019.06.11"]
[Round "4.11"]
[White "Zweigait, Leon"]
[Black "Hoffmann, Kay"]
[Result "1-0"]
[ECO "A04"]
[WhiteElo "1474"]
[BlackElo "1433"]
[Annotator "NA"]
[PlyCount "109"]
[EventDate "2019.06.07"]
[EventType "swiss"]
[EventRounds "9"]
[EventCountry "GER"]
[SourceTitle "playchess.com"]
[Source "ChessBase"]
[SourceQuality "1"]
[TimeControl "40/4500+30:900+30"]

1. Nf3 g6 2. c4 Bg7 3. Nc3 e5 4. e3 Nc6 5. d4 exd4 6. exd4 d6 7. Be3 Nge7 8. Bd3 O-O 9. O-O Bf5 10. a3 Bxd3 11. Qxd3 d5 12. c5 Nf5 13. b4 Qd7 14. Rfb1 Nd8 15. b5 Ne6 16. a4 Rfb8 17. Ra2 Qd8 18. Rab2 Nxc5 19. dxc5 d4 20. Bxd4 Nxd4 21. Rb4 Ne6 22. Qe3 Bxc3 23. Qxc3 Qe7 24. Rc4 Rd8 25. Re1 Qd7 26. Qf6 Rf8 27. Ne5 Qd2 28. Kf1 Qg5 29. Qxg5 Nxg5 30. c6 b6 31. Nd7 Rfe8 32. Rxe8+ Rxe8 33. Nf6+ Kf8 34. Nxe8 Kxe8 35. Ke2 Ke7 36. Ke3 Ne6 37. Ke4 Kd6 38. f4 f5+ 39. Kd3 Kd5 40. Kc3 Kd6 41. Kd3 Kd5 42. g3 Nc5+ 43. Kc3 Ne4+ 44. Kb4 Nd6 45. Rc1 Ke6 46. Re1+ Ne4 47. Kc4 Kf6 48. Rxe4 fxe4 49. g4 g5 50. f5 Ke5 51. Kb3 Kd5 52. Kc3 Ke5 53. Kc4 h5 54. h3 h4 55. Kb3 {[%emt 0:01:06] normal} 1-0

[Event "GER-ch Youth U12 2019"]
[Site "Willingen"]
[Date "2019.06.11"]
[Round "4.12"]
[White "Deuer, Marius"]
[Black "Kageler, Anton Paul"]
[Result "1-0"]
[ECO "B76"]
[WhiteElo "1961"]
[BlackElo "1563"]
[Annotator "NA"]
[PlyCount "70"]
[EventDate "2019.06.07"]
[EventType "swiss"]
[EventRounds "9"]
[EventCountry "GER"]
[SourceTitle "playchess.com"]
[Source "ChessBase"]
[SourceQuality "1"]
[TimeControl "40/4500+30:900+30"]

1. e4 c5 2. Nf3 d6 3. d4 cxd4 4. Nxd4 Nf6 5. Nc3 g6 6. f3 Bg7 7. Be3 O-O 8. Qd2 Nc6 9. O-O-O d5 10. Qe1 e5 11. Nxc6 bxc6 12. exd5 Nxd5 13. Bc4 Be6 14. Ne4 Qc7 15. Bc5 Rfd8 16. Qh4 Bf5 17. Rhe1 Rab8 18. g4 Bxe4 19. fxe4 Nf4 20. Qe7 Qxe7 21. Bxe7 Rd4 22. Rxd4 exd4 23. Bd6 Ng2 24. Bxf7+ Kxf7 25. Rf1+ Ke6 26. Bxb8 Bh6+ 27. Kb1 Ne3 28. Rg1 Bg5 29. Bxa7 Ke5 30. h4 Bxh4 31. c3 Kxe4 32. Bxd4 Nd5 33. Rh1 g5 34. Rf1 Nf4 {[%emt 0:01:27] normal} 35. a4 Kd5 {[%emt 0:01:19] normal} 1-0

[Event "GER-ch Youth U12 2019"]
[Site "Willingen"]
[Date "2019.06.11"]
[Round "4.13"]
[White "Krueger, Arthur"]
[Black "Hecht, Jonas Christian"]
[Result "1/2-1/2"]
[ECO "B07"]
[WhiteElo "1613"]
[BlackElo "1726"]
[Annotator "NA"]
[PlyCount "91"]
[EventDate "2019.06.07"]
[EventType "swiss"]
[EventRounds "9"]
[EventCountry "GER"]
[SourceTitle "playchess.com"]
[Source "ChessBase"]
[SourceQuality "1"]
[TimeControl "40/4500+30:900+30"]

1. e4 d6 2. d4 Nf6 3. Nc3 e5 4. dxe5 dxe5 5. Qxd8+ Kxd8 6. Nf3 Bd6 7. Bc4 Ke7 8. Bg5 c6 9. O-O-O Nbd7 10. Bxf7 Bb4 11. Bc4 Bxc3 12. bxc3 h6 13. Bxf6+ gxf6 14. Nh4 Nf8 15. Rd2 b5 16. Bb3 a5 17. a3 Rh7 18. Rhd1 Ra7 19. c4 a4 20. Ba2 Be6 21. Kb2 bxc4 22. Nf5+ Bxf5 23. exf5 Rg7 24. f3 Rb7+ 25. Kc3 Nd7 26. h4 Nb6 27. Bxc4 Nxc4 28. Kxc4 Rg8 29. Kc5 Rc8 30. c4 Rb3 31. Rd7+ Ke8 32. Rh7 Rcb8 33. Rh8+ Ke7 34. Rxb8 Rxb8 35. Kxc6 Rb2 36. Rd7+ Ke8 37. Ra7 Rxg2 38. Rxa4 Rf2 39. c5 Rxf3 40. Kb7 Rb3+ 41. Rb4 Rxa3 42. c6 Rc3 43. Rb1 Kd8 44. Rb4 Ke7 45. Rb1 Kd8 46. Rb4 {[%emt 0:00:00] normal} 1/2-1/2

[Event "GER-ch Youth U12 2019"]
[Site "Willingen"]
[Date "2019.06.11"]
[Round "4.14"]
[White "Kempe, Caius Emilian"]
[Black "Hagenbeck-Huebert, Jan"]
[Result "1-0"]
[ECO "D35"]
[WhiteElo "1766"]
[BlackElo "1574"]
[Annotator "NA"]
[PlyCount "143"]
[EventDate "2019.06.07"]
[EventType "swiss"]
[EventRounds "9"]
[EventCountry "GER"]
[SourceTitle "playchess.com"]
[Source "ChessBase"]
[SourceQuality "1"]
[TimeControl "40/4500+30:900+30"]

1. d4 d5 2. c4 e6 3. Nc3 Nf6 4. cxd5 exd5 5. Bg5 Nbd7 6. e3 c6 7. Bd3 Bd6 8. Qc2 h6 9. Bh4 Be7 10. Nf3 Nb6 11. O-O O-O 12. Rab1 Be6 13. Ne2 Bg4 14. Ne5 Be6 15. Nf4 Nbd7 16. Nxe6 fxe6 17. Ng6 Rf7 18. Nxe7+ Qxe7 19. b4 Rc8 20. Rfc1 g5 21. Bg3 Rff8 22. h3 Nh5 23. Bh2 Rf6 24. Be2 Qf7 25. Bd1 Qe8 26. Bg4 Ng7 27. Qb2 Nb6 28. Be2 Qf8 29. Bf1 Rf5 30. Bd3 Rf7 31. Qe2 Qe7 32. Rc2 Rcf8 33. Qe1 Nf5 34. b5 cxb5 35. Bxb5 Nd6 36. Bd3 Nbc4 37. Qb4 Rd8 38. Rbc1 Rd7 39. Bg3 Qd8 40. a4 Qb6 41. Bxd6 Qxd6 42. Qe1 Nb6 43. a5 Na8 44. Rc8+ Rd8 45. a6 Nb6 46. axb7 Rxb7 47. R8c6 Qe7 48. Ba6 Rbd7 49. Qd2 Rd6 50. R6c2 Qe8 51. Qb4 Qa4 52. Qxa4 Nxa4 53. Bb5 Nb6 54. Ra1 Nc8 55. Rc7 Rf8 56. Bd7 Nb6 57. Raxa7 Nxd7 58. Rxd7 Rxd7 59. Rxd7 Rf7 60. Rxf7 Kxf7 61. g4 Kf6 62. f4 h5 63. Kf2 hxg4 64. hxg4 gxf4 65. exf4 Kg6 66. Ke3 Kf6 67. Kd3 Kg6 68. Kc3 Kf6 69. Kb4 Kg6 70. Kc5 Kf7 71. Kd6 Kf6 72. g5+ {[%emt 0:00:00] normal} 1-0

[Event "GER-ch Youth U12 2019"]
[Site "Willingen"]
[Date "2019.06.11"]
[Round "4.15"]
[White "Reichmann, Felix"]
[Black "Gerdes, Jannes"]
[Result "1-0"]
[ECO "A20"]
[WhiteElo "1725"]
[BlackElo "1517"]
[Annotator "NA"]
[PlyCount "75"]
[EventDate "2019.06.07"]
[EventType "swiss"]
[EventRounds "9"]
[EventCountry "GER"]
[SourceTitle "playchess.com"]
[Source "ChessBase"]
[SourceQuality "1"]
[TimeControl "40/4500+30:900+30"]

1. c4 e5 2. g3 Nf6 3. Bg2 c6 4. Nf3 e4 5. Nd4 Qb6 6. Nb3 a5 7. d3 Bb4+ 8. Nc3 d5 9. O-O a4 10. Nd2 e3 11. fxe3 Qxe3+ 12. Kh1 Ng4 13. Qe1 O-O 14. Nf3 Qa7 15. cxd5 cxd5 16. d4 Nc6 17. Qd1 Be6 18. h3 Nf6 19. Kh2 a3 20. Qd3 axb2 21. Bxb2 h6 22. a3 Be7 23. e3 Qb8 24. Ne2 Ne4 25. Ne5 Bd6 26. Bxe4 dxe4 27. Qxe4 Nxe5 28. dxe5 Be7 29. Nd4 Bc4 30. Rfc1 b5 31. Nf5 Bc5 32. Qg4 g6 33. Nxh6+ Kh7 34. Qh4 Kg7 35. Ng4 f6 36. exf6+ Kf7 37. Ne5+ Ke8 38. Qe4 {[%emt 0:00:19] normal} 1-0

[Event "GER-ch Youth U12 2019"]
[Site "Willingen"]
[Date "2019.06.12"]
[Round "5.1"]
[White "Foerster-Yialamas, Lucas"]
[Black "Kluehs, Gustaf"]
[Result "1/2-1/2"]
[ECO "B33"]
[WhiteElo "1981"]
[BlackElo "1705"]
[Annotator "NA"]
[PlyCount "54"]
[EventDate "2019.06.07"]
[EventType "swiss"]
[EventRounds "9"]
[EventCountry "GER"]
[SourceTitle "playchess.com"]
[Source "ChessBase"]
[SourceQuality "1"]
[TimeControl "40/4500+30:900+30"]

1. e4 c5 2. Nf3 Nc6 3. d4 cxd4 4. Nxd4 Nf6 5. Nc3 e5 6. Ndb5 d6 7. Bg5 a6 8. Na3 b5 9. Nd5 Be7 10. Bxf6 Bxf6 11. c3 Bg5 12. Nc2 O-O 13. a4 bxa4 14. Rxa4 a5 15. Bc4 Rb8 16. b3 Kh8 17. Nce3 Bxe3 18. Nxe3 f5 19. exf5 Ne7 20. g4 Bb7 21. Nd5 Nxd5 22. Bxd5 Qc7 23. Bxb7 Qxc3+ 24. Qd2 Qxd2+ 25. Kxd2 Rxb7 26. Rb1 Rb5 27. Rc4 {[%emt 0:02:11] normal} g6 {[%emt 0:01:37] normal} 1/2-1/2

[Event "GER-ch Youth U12 2019"]
[Site "Willingen"]
[Date "2019.06.12"]
[Round "5.2"]
[White "Sosa Costa, Leonardo"]
[Black "Bakiev, Diyor"]
[Result "1/2-1/2"]
[ECO "B13"]
[WhiteElo "1945"]
[BlackElo "2123"]
[Annotator "NA"]
[PlyCount "65"]
[EventDate "2019.06.07"]
[EventType "swiss"]
[EventRounds "9"]
[EventCountry "GER"]
[SourceTitle "playchess.com"]
[Source "ChessBase"]
[SourceQuality "1"]
[TimeControl "40/4500+30:900+30"]

1. e4 c6 2. d4 d5 3. exd5 cxd5 4. Bd3 Nc6 5. c3 g6 6. Nf3 Bg7 7. Bf4 Nf6 8. h3 O-O 9. Nbd2 Bf5 10. Bxf5 gxf5 11. O-O Ne4 12. Qe2 e6 13. Bh2 Bh6 14. Nxe4 fxe4 15. Ne5 Nxe5 16. Bxe5 f5 17. f3 Qg5 18. f4 Qg6 19. Rae1 Bg7 20. Bxg7 Kxg7 21. Qb5 Rf7 22. Re3 Rg8 23. Rf2 Kh8 24. Qe2 Rfg7 25. Kh2 h5 26. Kh1 h4 27. Qf1 Qh5 28. Rfe2 b5 29. a3 a6 30. Qe1 Rg3 31. Rxg3 Rxg3 32. Re3 Rxe3 33. Qxe3 {[%emt 0:00:05] normal} 1/2-1/2

[Event "GER-ch Youth U12 2019"]
[Site "Willingen"]
[Date "2019.06.12"]
[Round "5.3"]
[White "Freude, Max"]
[Black "von Mettenheim, Johannes"]
[Result "1-0"]
[ECO "B13"]
[WhiteElo "1707"]
[BlackElo "1757"]
[Annotator "NA"]
[PlyCount "60"]
[EventDate "2019.06.07"]
[EventType "swiss"]
[EventRounds "9"]
[EventCountry "GER"]
[SourceTitle "playchess.com"]
[Source "ChessBase"]
[SourceQuality "1"]
[TimeControl "40/4500+30:900+30"]

1. e4 c6 2. d4 d5 3. exd5 cxd5 4. Bd3 Nc6 5. c3 Nf6 6. Bf4 Bg4 7. Qb3 e5 8. h3 Qe7 9. hxg4 exf4+ 10. Kf1 Nxg4 11. Nd2 Qd7 12. Re1+ Be7 13. Nh3 O-O-O 14. Qc2 g6 15. b4 Bh4 16. Nf3 Bf6 17. a4 Kb8 18. a5 Rc8 19. Qa4 Qc7 20. Ra1 Nd8 21. Ra3 Ne6 22. b5 Qd7 23. Ke2 Rhe8 24. Kd2 h6 25. Rb1 Ng5 26. Nfxg5 Bxg5 27. b6 Qxa4 28. bxa7+ Kxa7 29. Rxa4 f3+ 30. Nxg5 hxg5 {[%emt 0:00:01] normal} 1-0

[Event "GER-ch Youth U12 2019"]
[Site "Willingen"]
[Date "2019.06.12"]
[Round "5.4"]
[White "Zweigait, Leon"]
[Black "Metzdorf, Matteo"]
[Result "0-1"]
[ECO "D30"]
[WhiteElo "1474"]
[BlackElo "1859"]
[Annotator "NA"]
[PlyCount "49"]
[EventDate "2019.06.07"]
[EventType "swiss"]
[EventRounds "9"]
[EventCountry "GER"]
[SourceTitle "playchess.com"]
[Source "ChessBase"]
[SourceQuality "1"]
[TimeControl "40/4500+30:900+30"]

1. Nf3 Nf6 2. d4 e6 3. c4 d5 4. Bg5 Be7 5. e3 h6 6. Bxf6 Bxf6 7. Qc2 O-O 8. h4 Re8 9. Nc3 b6 10. g4 g6 11. cxd5 exd5 12. g5 hxg5 13. hxg5 Bg7 14. Rd1 Bf5 15. Bd3 Bxd3 16. Qxd3 c6 17. Ke2 Qd6 18. Rh4 Nd7 19. Rdh1 Kf8 20. Nd2 Rad8 21. f4 c5 22. Nf3 cxd4 23. Nxd4 Nc5 24. Qd2 Ne4 25. Nxe4 {[%emt 0:00:13] normal} 0-1

[Event "GER-ch Youth U12 2019"]
[Site "Willingen"]
[Date "2019.06.12"]
[Round "5.5"]
[White "Tomasjan, Samuel"]
[Black "Stork, Christopher"]
[Result "1/2-1/2"]
[ECO "B40"]
[WhiteElo "1476"]
[BlackElo "1817"]
[Annotator "NA"]
[PlyCount "53"]
[EventDate "2019.06.07"]
[EventType "swiss"]
[EventRounds "9"]
[EventCountry "GER"]
[SourceTitle "playchess.com"]
[Source "ChessBase"]
[SourceQuality "1"]
[TimeControl "40/4500+30:900+30"]

1. e4 c5 2. Nf3 e6 3. d4 cxd4 4. Nxd4 Nf6 5. Nc3 Nc6 6. Nxc6 bxc6 7. e5 Nd5 8. Nxd5 exd5 9. Bf4 Bc5 10. c4 Qb6 11. Qc2 Bb7 12. cxd5 cxd5 13. Bd3 Bb4+ 14. Bd2 Rc8 15. Qd1 O-O 16. O-O Rfe8 17. Bxb4 Qxb4 18. f4 Bc6 19. b3 d6 20. exd6 Qxd6 21. f5 f6 22. Rf3 Re7 23. Rh3 Rce8 24. Qh5 h6 25. Rg3 Qb4 26. Rf1 Qd2 27. h3 {[%emt 0:03:02] normal} 1/2-1/2

[Event "GER-ch Youth U12 2019"]
[Site "Willingen"]
[Date "2019.06.12"]
[Round "5.6"]
[White "Woltmann, Peter"]
[Black "Bungarten, Jona"]
[Result "1-0"]
[ECO "C55"]
[WhiteElo "1471"]
[BlackElo "1642"]
[Annotator "NA"]
[PlyCount "49"]
[EventDate "2019.06.07"]
[EventType "swiss"]
[EventRounds "9"]
[EventCountry "GER"]
[SourceTitle "playchess.com"]
[Source "ChessBase"]
[SourceQuality "1"]
[TimeControl "40/4500+30:900+30"]

1. e4 e5 2. Nf3 Nc6 3. d4 exd4 4. Bc4 Nf6 5. e5 d5 6. Bb5 Ne4 7. Nxd4 Bc5 8. Be3 O-O 9. Nxc6 bxc6 10. Bxc5 Nxc5 11. Bxc6 Rb8 12. Qxd5 Qxd5 13. Bxd5 Rxb2 14. Na3 Rd8 15. O-O-O Rb6 16. Bxf7+ Kxf7 17. Rxd8 Be6 18. f4 c6 19. Rf1 Ra6 20. Nb1 Rxa2 21. f5 Bd5 22. e6+ Ke7 23. Rg8 Be4 24. Rxg7+ Ke8 25. f6 {[%emt 0:02:37] normal} 1-0

[Event "GER-ch Youth U12 2019"]
[Site "Willingen"]
[Date "2019.06.12"]
[Round "5.7"]
[White "Ohler, Julius"]
[Black "Deuer, Marius"]
[Result "1/2-1/2"]
[ECO "C44"]
[WhiteElo "1837"]
[BlackElo "1961"]
[Annotator "NA"]
[PlyCount "85"]
[EventDate "2019.06.07"]
[EventType "swiss"]
[EventRounds "9"]
[EventCountry "GER"]
[SourceTitle "playchess.com"]
[Source "ChessBase"]
[SourceQuality "1"]
[TimeControl "40/4500+30:900+30"]

1. e4 e5 2. Nf3 Nc6 3. c3 Nf6 4. d4 exd4 5. e5 Nd5 6. cxd4 d6 7. Bb5 Be7 8. Qc2 Bd7 9. Qb3 Nb6 10. Nc3 d5 11. O-O Bg4 12. Be3 O-O 13. h3 Bxf3 14. gxf3 a6 15. Be2 Qd7 16. Kh2 f5 17. f4 Qe6 18. Bf3 Rad8 19. Rac1 Na5 20. Qc2 Nac4 21. b3 Nxe3 22. fxe3 c6 23. Rf2 Kf7 24. Rg2 g6 25. Qd3 Ke8 26. Na4 Nxa4 27. bxa4 Rd7 28. Rb2 Rf7 29. Rcb1 Bd8 30. Rb3 h5 31. Rg1 Rg7 32. Rb2 Kf8 33. Rbg2 Kg8 34. Rb2 Kh7 35. Rgb1 Kh6 36. Rg2 g5 37. fxg5+ Rxg5 38. Rbg1 Rdg7 39. Qe2 Qg8 40. Qb2 h4 41. Qf2 Rg3 42. Rxg3 hxg3+ 43. Rxg3 {[%emt 0:00:19] normal} 1/2-1/2

[Event "GER-ch Youth U12 2019"]
[Site "Willingen"]
[Date "2019.06.12"]
[Round "5.8"]
[White "Rempe, Jonas"]
[Black "Hagner, Bennet"]
[Result "0-1"]
[ECO "C91"]
[WhiteElo "1781"]
[BlackElo "1900"]
[Annotator "NA"]
[PlyCount "91"]
[EventDate "2019.06.07"]
[EventType "swiss"]
[EventRounds "9"]
[EventCountry "GER"]
[SourceTitle "playchess.com"]
[Source "ChessBase"]
[SourceQuality "1"]
[TimeControl "40/4500+30:900+30"]

1. e4 e5 2. Nf3 Nc6 3. Bb5 a6 4. Ba4 Nf6 5. O-O Be7 6. Re1 b5 7. Bb3 d6 8. c3 O-O 9. d4 Bb7 10. Nbd2 Re8 11. Nf1 Bf8 12. Ng3 g6 13. Ng5 Re7 14. Nf3 Bg7 15. Bc2 exd4 16. cxd4 Qe8 17. a3 Na5 18. Bg5 h6 19. Bxf6 Bxf6 20. Qd2 Nc6 21. Qxh6 Nxd4 22. Nxd4 Bxd4 23. Rad1 Bg7 24. Qg5 Re5 25. Qh4 Qe7 26. Qg4 Rg5 27. Qe2 Bxb2 28. f4 Rc5 29. Bb3 Bg7 30. Qg4 Qf6 31. e5 dxe5 32. Rd7 Rf8 33. fxe5 Rxe5 34. Rf1 Qb6+ 35. Kh1 Qc6 36. Qh3 Bf6 37. Bxf7+ Rxf7 38. Rxf7 Qxg2+ 39. Qxg2 Bxg2+ 40. Kxg2 Kxf7 41. Rc1 c5 42. Kf3 Re3+ 43. Kg2 Bd4 44. Rc2 Rxa3 45. Ne4 c4 46. h3 {[%emt 0:00:00] normal} 0-1

[Event "GER-ch Youth U12 2019"]
[Site "Willingen"]
[Date "2019.06.12"]
[Round "5.9"]
[White "Schwartz, Oliver"]
[Black "Kempe, Caius Emilian"]
[Result "0-1"]
[ECO "B27"]
[WhiteElo "1616"]
[BlackElo "1766"]
[Annotator "NA"]
[PlyCount "32"]
[EventDate "2019.06.07"]
[EventType "swiss"]
[EventRounds "9"]
[EventCountry "GER"]
[SourceTitle "playchess.com"]
[Source "ChessBase"]
[SourceQuality "1"]
[TimeControl "40/4500+30:900+30"]

1. e4 c5 2. Nf3 g6 3. d4 cxd4 4. Nxd4 Nf6 5. Nc3 Nc6 6. Be3 Bg7 7. f3 O-O 8. Qd2 d5 9. exd5 Nxd5 10. Nxc6 bxc6 11. O-O-O e6 12. h4 Qe7 13. Bd4 e5 14. Bf2 Be6 15. Kb1 Rab8 16. h5 Qb4 {[%emt 0:01:29] normal} 0-1

[Event "GER-ch Youth U12 2019"]
[Site "Willingen"]
[Date "2019.06.12"]
[Round "5.10"]
[White "Malchereck, Zion"]
[Black "Fuchs, Florian"]
[Result "0-1"]
[ECO "C01"]
[WhiteElo "1438"]
[BlackElo "2235"]
[Annotator "NA"]
[PlyCount "95"]
[EventDate "2019.06.07"]
[EventType "swiss"]
[EventRounds "9"]
[EventCountry "GER"]
[SourceTitle "playchess.com"]
[Source "ChessBase"]
[SourceQuality "1"]
[TimeControl "40/4500+30:900+30"]

1. e4 e6 2. d4 d5 3. exd5 exd5 4. Nf3 Bd6 5. c4 c6 6. c5 Be7 7. Bd3 Bg4 8. h3 Bh5 9. Be3 b6 10. O-O bxc5 11. dxc5 Nd7 12. Re1 Ngf6 13. Nbd2 O-O 14. b4 a5 15. a3 Re8 16. Qc2 Bg6 17. Bxg6 hxg6 18. Nd4 Qc7 19. N2b3 axb4 20. axb4 Nh5 21. Qd2 Bf6 22. Rec1 Bxd4 23. Bxd4 Nf4 24. Be3 Ne6 25. Na5 Rab8 26. Rab1 Rb5 27. Nb3 Reb8 28. Nd4 Nxd4 29. Bxd4 Qb7 30. Qc3 f6 31. Qd3 Rxb4 32. Rxb4 Qxb4 33. Bc3 Qxc5 34. Bd2 Qd6 35. Qxg6 c5 36. Bh6 Qe7 37. Bf4 Rb4 38. Bg3 Qe4 39. Qh5 c4 40. Ra1 d4 41. Bd6 Rb1+ 42. Rxb1 Qxb1+ 43. Kh2 Qe4 44. Qb5 Qe6 45. Bf4 c3 46. Kg3 Ne5 47. Qc5 {[%emt 0:00:00] normal} Qc4 48. Qe7 0-1

[Event "GER-ch Youth U12 2019"]
[Site "Willingen"]
[Date "2019.06.12"]
[Round "5.11"]
[White "Heinrich, John"]
[Black "Reichmann, Felix"]
[Result "0-1"]
[ECO "B38"]
[WhiteElo "1695"]
[BlackElo "1725"]
[Annotator "NA"]
[PlyCount "100"]
[EventDate "2019.06.07"]
[EventType "swiss"]
[EventRounds "9"]
[EventCountry "GER"]
[SourceTitle "playchess.com"]
[Source "ChessBase"]
[SourceQuality "1"]
[TimeControl "40/4500+30:900+30"]

1. e4 c5 2. Nf3 Nc6 3. d4 cxd4 4. Nxd4 g6 5. c4 Bg7 6. Be3 Qb6 7. Nb3 Qc7 8. Nc3 Bxc3+ 9. bxc3 Nf6 10. f3 O-O 11. Be2 d6 12. Nd4 b6 13. h4 Nh5 14. Kf2 Nf6 15. Bg5 Ne5 16. h5 Qc5 17. Be3 Nxc4 18. Bxc4 Qxc4 19. hxg6 fxg6 20. Kg1 Bd7 21. Qe1 Rac8 22. Rc1 Qxa2 23. Qh4 Rf7 24. Qg3 Qa5 25. Qe1 Nh5 26. Ne2 e5 27. Qd2 Bb5 28. Kf2 Bxe2 29. Qxe2 Nf6 30. Kg3 d5 31. exd5 Nxd5 32. Bd2 Ne7 33. Ra1 Nf5+ 34. Kh2 Qd5 35. Rhd1 Qc5 36. Rac1 Kg7 37. Qe4 h6 38. Re1 Re7 39. Qe2 Qc4 40. Qe4 a5 41. Rb1 Qxe4 42. Rxe4 Nd6 43. Re2 b5 44. Kg3 a4 45. Kf2 Kf6 46. Be1 g5 47. g4 Rc4 48. Kg3 Ke6 49. Ra1 Rf7 {[%emt 0:00:00] normal} 50. Bd2 Rf6 {[%emt 0:00:00] normal} 0-1

[Event "GER-ch Youth U12 2019"]
[Site "Willingen"]
[Date "2019.06.12"]
[Round "5.12"]
[White "Hecht, Jonas Christian"]
[Black "Schreidl, Michael"]
[Result "1-0"]
[ECO "A17"]
[WhiteElo "1726"]
[BlackElo "1586"]
[Annotator "NA"]
[PlyCount "57"]
[EventDate "2019.06.07"]
[EventType "swiss"]
[EventRounds "9"]
[EventCountry "GER"]
[SourceTitle "playchess.com"]
[Source "ChessBase"]
[SourceQuality "1"]
[TimeControl "40/4500+30:900+30"]

1. c4 e6 2. Nc3 Nf6 3. g3 d5 4. d4 c6 5. Bg2 Be7 6. Nf3 Nbd7 7. O-O O-O 8. b3 Re8 9. Bb2 Rb8 10. Qc2 Bd6 11. Rad1 Qe7 12. c5 Bc7 13. e4 dxe4 14. Nxe4 Nxe4 15. Qxe4 Nf6 16. Qc2 Nd5 17. Rfe1 Ba5 18. Re2 Nb4 19. Qd2 b6 20. a3 Ba6 21. axb4 Bxe2 22. Qxe2 Bxb4 23. Ne5 Rbc8 24. Nxc6 Rxc6 25. Bxc6 Rc8 26. Be4 bxc5 27. dxc5 Bxc5 28. Rc1 Qd8 29. Qh5 {[%emt 0:04:58] normal} 1-0

[Event "GER-ch Youth U12 2019"]
[Site "Willingen"]
[Date "2019.06.12"]
[Round "5.13"]
[White "Breitkopf-Lazar, Patrick-Robert"]
[Black "Bolz, Jannis"]
[Result "1-0"]
[ECO "C50"]
[WhiteElo "1659"]
[BlackElo "1618"]
[Annotator "NA"]
[PlyCount "65"]
[EventDate "2019.06.07"]
[EventType "swiss"]
[EventRounds "9"]
[EventCountry "GER"]
[SourceTitle "playchess.com"]
[Source "ChessBase"]
[SourceQuality "1"]
[TimeControl "40/4500+30:900+30"]

1. e4 e5 2. Nf3 Nc6 3. Bc4 Bc5 4. O-O Nf6 5. d3 h6 6. c3 d6 7. Nbd2 a6 8. Bb3 Ba7 9. Re1 Be6 10. Nf1 Qd7 11. Be3 Bxb3 12. Qxb3 O-O 13. Bxa7 Rxa7 14. d4 Re8 15. Ng3 Raa8 16. Rad1 b5 17. Qc2 Qg4 18. h3 Qg6 19. b3 Nh5 20. Nxh5 Qxh5 21. d5 Ne7 22. c4 Rec8 23. Qd3 b4 24. Nd2 Ng6 25. Qg3 Nf4 26. Nf3 Rf8 27. Qg4 f5 28. Qxh5 Nxh5 29. Nd2 Nf4 30. exf5 Rxf5 31. Ne4 Raf8 32. f3 {[%emt 0:02:16] normal} R5f7 33. Rd2 {[%emt 0:01:47] normal} 1-0

[Event "GER-ch Youth U12 2019"]
[Site "Willingen"]
[Date "2019.06.12"]
[Round "5.14"]
[White "Hoffmann, Kay"]
[Black "Guo, Philipp Ziming"]
[Result "1/2-1/2"]
[ECO "A03"]
[WhiteElo "1433"]
[BlackElo "1674"]
[Annotator "NA"]
[PlyCount "81"]
[EventDate "2019.06.07"]
[EventType "swiss"]
[EventRounds "9"]
[EventCountry "GER"]
[SourceTitle "playchess.com"]
[Source "ChessBase"]
[SourceQuality "1"]
[TimeControl "40/4500+30:900+30"]

1. f4 d5 2. Nf3 g6 3. e3 Bg7 4. d4 Nh6 5. Bd3 Bf5 6. O-O O-O 7. Qe2 Bxd3 8. Qxd3 f5 9. Nbd2 Nf7 10. Ne5 Nxe5 11. fxe5 e6 12. Nf3 Nd7 13. Bd2 Re8 14. Be1 g5 15. Qe2 Nf8 16. Bd2 Ng6 17. g3 Bf8 18. Rf2 Be7 19. Ne1 g4 20. Ng2 Kg7 21. Nf4 Nxf4 22. exf4 c5 23. Be3 Qb6 24. c3 c4 25. Qc2 Qc6 26. Rff1 b5 27. a3 a5 28. Rfb1 a4 29. Kg2 h5 30. Rh1 Rh8 31. Qe2 Rh6 32. Qd2 Rah8 33. Rae1 Qe8 34. Qd1 h4 35. Bd2 Qg6 36. Be3 hxg3 37. hxg3 Rh3 38. Bf2 Qh5 39. Reg1 Bd8 40. Qc1 Be7 41. Qd1 {[%emt 0:15:27] normal} 1/2-1/2